 Dungeon Crawl Stone Soup version 0.25-a0-413-g3b4b6a4ccc (webtiles) character file.

Game seed: 15515881032741323452, levelgen mode: deterministic

34 Gargoyl the Skirmisher (level 3, 0/31 HPs)
             Began as a Centaur Abyssal Knight on Jan 14, 2020.
             Was a Follower of Lugonu.
             Succumbed to an adder's poison
             ... on level 1 of the Dungeon.
             The game lasted 00:01:20 (958 turns).

Gargoyl the Skirmisher (Centaur Abyssal Knight)      Turns: 958, Time: 00:01:21

Health: 0/31       AC:  8    Str: 14    XL:     3   Next: 14%
Magic:  4/4        EV:  7    Int: 11    God:    Lugonu [*.....]
Gold:   84         SH:  0    Dex:  9    Spells: 2/2 levels left

rFire    + + .     SeeInvis +   a - +1 hand axe
rCold    + . .     Gourm    .   (no shield)
rNeg     . . .     Faith    .   e - +0 scale mail
rPois    .         Spirit   .   (no helmet)
rElec    .         Reflect  .   i - scarf {rC+ rF+}
rCorr    .         Harm     .   (no gloves)
MR       .....                  (no barding)
Stlth    ..........             (no amulet)
HPRegen  0.10/turn              d - ring of see invisible
MPRegen  0.09/turn              (no ring)

@: lethally poisoned (0 -> -2), very quick
A: large, hooves 3, molten scales 1, deformed body, fire resistance 1, speed 2,
tough skin 3
a: Depart the Abyss, Renounce Religion


You were on level 1 of the Dungeon.
You worshipped Lugonu.
Lugonu was aware of your devotion.
You were not hungry.

You visited 1 branch of the dungeon, and saw 2 of its levels.
You visited the Abyss 1 time.

You collected 84 gold pieces.

Inventory:

Hand Weapons
 a - a +1 hand axe (weapon)
Armour
 e - a +0 scale mail (worn)
 i - a scarf of resistance (worn)
Jewellery
 d - a ring of see invisible (left hand)
 f - an uncursed ring of stealth {unknown}
Scrolls
 g - a scroll of teleportation {unknown}
 h - a scroll of remove curse {unknown}
Comestibles
 c - 2 rations


   Skills:
 + Level 3.4 Fighting
 + Level 2.1 Axes
 * Level 1.7 Armour
 * Level 1.0 Dodging
 * Level 2.3 Invocations


You had 2 spell levels left.
You didn't know any spells.
Your spell library was empty.

Dungeon Overview and Level Annotations

Branches:
Dungeon (2/15)

Altars:


Innate Abilities, Weirdness & Mutations

You have hooves in place of feet.
Armour fits poorly on your strangely shaped body.
You cover ground very quickly.
You have extremely tough skin. (AC +3)
You are partially covered in molten scales. (AC +2)
Your flesh is heat resistant. (rF+)


Message History

The kobold shouts!
The kobold moves out of view.
There is a stone staircase leading up here.
The bat hits you but does no damage. The kobold barely misses you.
The adder bites you but does no damage.
You climb upwards.
* * * LOW HITPOINT WARNING * * *
You feel sick.
There is a stone staircase leading down here.
Unknown command.
You hit the kobold. Your kick misses the kobold.
The kobold is heavily wounded.
The kobold hits you but does no damage.
You hit the kobold.
You kill the kobold!
Lugonu accepts your kill.
* * * LOW HITPOINT WARNING * * *
You feel sick.
Unknown command.
You die...

###### #### #....# ...# ###....#
##'### #......# # .....# #####
###......#### .....###...##
###...#...###..
.....'...#..#######..[#.##..#...#
.....###.>.......................
.....# #.###....@##########.#####
.....# #.##################.#####
.....###..........(.......)......
#######..).......#########..(.(..
#...........# #.......
#...........# #.......
#...........# ##......
#...........# #######
#...........#


There were no monsters in sight!

Vanquished Creatures
  An adder (D:2)
  An ooze (D:1)
  3 ball pythons (D:1)
  A giant cockroach (D:1)
  3 goblins (D:1)
  2 jackals (D:1)
  3 bats
  A frilled lizard (D:1)
  3 kobolds (D:1)
  6 rats (D:1)
24 creatures vanquished.

Notes
Turn   | Place    | Note
-------+----------+-------------------------------------------
     0 | Abyss:1  | Gargoyl the Centaur Abyssal Knight began the quest for the
                  | Orb.
     0 | Abyss:1  | Reached XP level 1. HP: 19/19 MP: 2/2
    50 | Abyss:1  | Noticed an apocalypse crab
    59 | D:1      | Escaped the Abyss
   202 | D:1      | Reached XP level 2. HP: 15/26 MP: 3/3
   203 | D:1      | Reached * piety under Lugonu
   928 | D:2      | Reached skill level 1 in Dodging
   928 | D:2      | Reached XP level 3. HP: 11/31 MP: 4/4
   933 | D:2      | Gained mutation: You are partially covered in molten
                  | scales. (AC +2) [potion of mutation]
   933 | D:2      | Gained mutation: Your flesh is heat resistant. (rF+)
                  | [potion of mutation]
   949 | D:1      | HP: 1/31 [poisoned by an adder]
   958 | D:1      | Succumbed to an adder's poison

Levels and vault maps discovered:
D:1:      scummos_arrival_simple_fountains, layout_basic
D:2:      layout_rooms, overflow_temple_1_default, xom_redecorated,
          serial_glass, glass_columns_a, glass_columns_b, glass_columns_a,
          glass_columns_a, glass_columns_a, glass_columns_a, glass_columns_a,
          glass_columns_c, minmay_increasing_density

Skill      XL: |  1  2 |
---------------+-------+-----
Axes           | 2 |  2.1
Dodging        | 1 |  1.0
Fighting       | |  3.4
Armour         | |  1.7
Invocations    | |  2.3

Action                   || total
-------------------------++-------
Melee: Hand axe          ||    64
       Kick              ||     7
Invok: Depart the Abyss  ||     1
  Use: Potion            ||     2
Armor: Leather armour    ||    27
       Scale mail        ||    28
Dodge: Dodged            ||    39

Table legend:
 A = Non-vault XP
 B = Vault XP
 C = Vault XP percentage of total XP
 D = Non-vault monster count
 E = Vault monster count
 F = Vault count percentage of total count
                 A         B        C        D         E       F
            +---------+---------+-------+---------+---------+-------
      Total |      49 |       0 |   0.0 |      24 |       0 |   0.0
            +---------+---------+-------+---------+---------+-------
        D:1 |      35 |       0 |   0.0 |      22 |       0 |   0.0
        D:2 |      14 |       0 |   0.0 |       2 |       0 |   0.0
            +---------+---------+-------+---------+---------+-------
